 Dungeon Crawl Stone Soup version 0.17-a0-1176-g3d5a0d0 (webtiles) character file.

2697 Gorice the Conjurer (level 9, -7/56 HPs)
             Began as an Octopode Wanderer on May 30, 2015.
             Was a Follower of Vehumet.
             Killed from afar by a centaur (19 damage)
             ... with a wand of lightning
             ... on level 7 of the Dungeon.
             The game lasted 00:45:07 (7544 turns).

Gorice the Conjurer (Octopode Wanderer)             Turns: 7544, Time: 00:45:07

Health: -7/56      AC:  6    Str: 10    XL:     9   Next: 65%
Magic:  17/17      EV: 11    Int: 15    God:    Vehumet [*.....]
Gold:   379        SH:  6    Dex: 15    Spells: 4 memorised, 13 levels left

rFire  . . .     SeeInvis .     B - +0 blowgun
rCold  . . .     Clarity  .     i - +1 buckler
rNeg   . . .     SustAt   .     (helmet restricted)
rPois  .         Gourm    .     (no amulet)
rElec  .         Spirit   .     u - +5 ring of protection
rCorr  .         Warding  .     (no ring)
rMut   .         Stasis   .     (no ring)
MR     .....                    (no ring)
Stlth  +++.......               (no ring)
                                (no ring)
                                (no ring)
                                (no ring)

@: not resistant to hostile enchantments, fairly stealthy
A: almost no armour, amphibious, 8 rings, constrict 8, camouflage 1, gelatinous
body 1
a: Renounce Religion


You were on level 7 of the Dungeon.
You worshipped Vehumet.
Vehumet was aware of your devotion.
You were hungry.

You visited 2 branches of the dungeon, and saw 8 of its levels.

You collected 379 gold pieces.

Inventory:

Hand weapons
 a - a +0 scimitar of electrocution
   (You took it off an orc warrior on level 7 of the Dungeon)
 b - a +0 hunting sling of flaming
   (You took it off a goblin on level 2 of the Dungeon)
 B - a +0 blowgun (weapon)
 K - a +0 flail of holy wrath
   (You took it off Edmund on level 5 of the Dungeon)
 N - a +3 mace
Missiles
 e - 37 poisoned needles (quivered)
 g - 6 javelins
 r - 9 sling bullets
 x - 4 tomahawks
 D - 11 sling bullets of frost
 Z - 240 stones
Armour
 i - a +1 buckler (worn)
Jewellery
 h - an uncursed ring of teleportation
 u - a +5 ring of protection (left tentacle)
Magical devices
 J - a wand of lightning (6)
Scrolls
 k - a scroll of amnesia
 o - 5 scrolls of enchant weapon
 s - 2 scrolls of teleportation {!r}
 y - 2 scrolls of magic mapping {!r}
 F - a scroll of remove curse
 I - a scroll of noise {unknown}
 M - a scroll of blinking
Potions
 f - a potion of ambrosia {!q}
 j - 3 potions of brilliance {!q}
 l - 2 potions of haste {unknown}
 m - a potion of invisibility {unknown}
 p - 2 potions of cure mutation {!q}
 w - 6 potions of curing
 z - 2 potions of agility {unknown}
 C - a potion of lignification {unknown}
 E - a potion of might {unknown}
 G - a potion of magic {unknown}
 H - a potion of flight {unknown}
Books
 c - Lehudib's Tome of Arcane Weapons

   Spells                             Type                      Level
   a - Shock                          Conjuration/Air              1
   b - Flame Tongue                   Conjuration/Fire             1
 v - a book of Air
 L - a book of Alchemy
Comestibles
 d - 4 bread rations {!e}
 q - 2 meat rations {!e}
 t - a beef jerky
 A - 2 fruits


   Skills:
 - Level 3.0 Fighting
 - Level 2.0 Maces & Flails
 - Level 1.3 Stealth
 + Level 4.5 Shields
 + Level 5.5 Spellcasting
 + Level 6.9 Conjurations
   Level 1.0 Summonings
 - Level 5.9 Fire Magic
 * Level 4.7 Air Magic
 - Level 1.1 Evocations


You had 13 spell levels left.
You knew the following spells:

 Your Spells              Type           Power        Failure   Level  Hunger
a - Flame Tongue          Conj/Fire      ###..        1%          1    None
b - Shock                 Conj/Air       ###.         1%          1    None
M - Repel Missiles        Chrm/Air       ##....       12%         2    #......
S - Swiftness             Chrm/Air       ##......     12%         2    #......


Dungeon Overview and Level Annotations

Branches:
Dungeon (7/15)             Temple (1/1) D:6

Altars:
Ashenzari
Cheibriados
Dithmenos
Elyvilon
Fedhas
Gozag
Kikubaaqudgha
Makhleb
Nemelex Xobeh
Okawaru
Qazlal
Ru
Sif Muna
Trog
Vehumet
Xom
Yredelemnul
Zin
The Shining One

Shops:
D:7 }


Innate Abilities, Weirdness & Mutations

You cannot wear most types of armour.
You are amphibious.
You can wear up to eight rings at the same time.
You can use your tentacles to constrict eight enemies at once.
Your skin changes colour to match your surroundings (Stealth).
Your rubbery body absorbs attacks (AC +1).


Message History

Press: ? - help, Shift-Dir - straight line, f/p - gnoll
Aim: a gnoll, wielding a club (poisoned)
You shoot a poisoned needle.
The poisoned needle barely misses the gnoll.
Casting: Flame Tongue
Confirm with . or Enter, or press ? or * to list all spells.
Aiming: Flame Tongue
Press: ? - help, Shift-Dir - straight line, f/p - gnoll
Aim: a gnoll, wielding a club (moderately wounded, poisoned)
The flame tongue misses the gnoll.
Casting: Flame Tongue
Confirm with . or Enter, or press ? or * to list all spells.
Aiming: Flame Tongue
Press: ? - help, Shift-Dir - straight line, f/p - gnoll
Aim: a gnoll, wielding a club (heavily wounded, poisoned)
The flame tongue hits the gnoll.
You kill the gnoll!
Vehumet accepts your kill.
A gnoll comes into view. It is wielding a flail.
Firing (i - inventory. (,) - cycle):
e - 40 poisoned needles (quivered)
Press: ? - help, Shift-Dir - straight line, f - gnoll
Aim: a gnoll, wielding a flail (hasn't noticed you)
You shoot a poisoned needle. The gnoll shouts!
The poisoned needle hits the gnoll!
The gnoll is poisoned.
A centaur comes into view.
Firing (i - inventory. (,) - cycle):
e - 39 poisoned needles (quivered)
Press: ? - help, Shift-Dir - straight line, f - centaur, p - gnoll
Aim: a centaur (hasn't noticed you)
You shoot a poisoned needle. The poisoned needle hits the gnoll!
The gnoll looks even sicker.
The centaur moves out of view.
Firing (i - inventory. (,) - cycle):
e - 38 poisoned needles (quivered)
Press: ? - help, Shift-Dir - straight line, f - gnoll shaman
Aim: a gnoll shaman, wielding a whip and wearing a leather armour You shoot a poisoned needle.
The poisoned needle hits the gnoll shaman!
The gnoll shaman is poisoned.
The centaur zaps a wand.
The bolt of lightning misses you.
It is a wand of lightning.
You kill the gnoll!
Vehumet accepts your kill.
You feel your power returning.
The centaur wields a shortbow.
The centaur shoots an arrow.
The arrow hits you.
You see here an arrow.
Damage: 5 (max 5)
The centaur zaps a wand.
The bolt of lightning misses you.
The centaur zaps a wand.
The bolt of lightning hits you!
* * * LOW HITPOINT WARNING * * *
Damage: 23 (max 23)
The centaur zaps a wand.
The bolt of lightning hits you!
You die...

#.).#.## ##.....#
####.## # ♣ ♣♣## #.)##
.#♣.♣.♣.## #.[)###
.P♣P♣.... ##....##
.P...P.(.
###...#########.P...(..
###.))...'..(....(...
#>.#...@..)...(....
.####...#.).........
....#####(.....(....
.o.g...((c.(.####...
..(..((.)g.(.'. ..
#(#...####...#%$# . #..
'...#### #. .#..... #
###......


You could see a centaur and a gnoll shaman.

Vanquished Creatures
  2 hippogriffs (D:7)
  Menkaure (D:5)
  Edmund (D:5)
  3 sky beasts
  An ice beast (D:6)
  4 ogres
  3 orc warriors
  A phantom (D:4)
  Blork the orc (D:5)
  2 giant frogs (D:6)
  5 crimson imps
  2 hounds
  A jelly (D:5)
  Crazy Yiuf (D:6)
  2 gnoll shamans (D:7)
  4 orc priests
  5 orc wizards
  A worker ant (D:5)
  6 adders
  7 gnolls
  A shadow imp (D:6)
  3 oozes
  2 adder skeletons (D:7)
  2 worms
  4 giant geckos
  26 orcs
  3 giant cockroaches
  12 goblins
  11 hobgoblins
  5 jackals
  12 kobolds
  2 quokkas
  12 bats
  9 giant newts
  11 rats
168 creatures vanquished.

Vanquished Creatures (others)
  4 plants (D:7)
4 creatures vanquished.

Grand Total: 172 creatures vanquished

Notes
Turn   | Place    | Note
--------------------------------------------------------------
     0 | D:1      | Gorice the Octopode Wanderer began the quest for the Orb.
     0 | D:1      | Gorice set off with: a +2 mace, a scroll of teleportation {!r}, Lehudib's Tome of Arcane Weapons, a bread ration {!e}
     0 | D:1      | Reached XP level 1. HP: 16/16 MP: 3/3
     0 | D:1      | Identified Lehudib's Tome of Arcane Weapons
     2 | D:1      | Learned a level 1 spell: Flame Tongue
   311 | D:1      | Reached skill level 1 in Conjurations
   311 | D:1      | Reached skill level 1 in Fire Magic
   311 | D:1      | Reached XP level 2. HP: 19/21 MP: 3/5
   766 | D:2      | Found a glowing golden altar of the Shining One.
   778 | D:2      | Reached XP level 3. HP: 26/26 MP: 3/6
   819 | D:2      | Found a white marble altar of Elyvilon.
   826 | D:2      | Found an iron altar of Okawaru.
   829 | D:2      | Found a shattered altar of Ashenzari.
   832 | D:2      | Found a sparkling altar of Nemelex Xobeh.
  1648 | D:3      | Reached skill level 2 in Fire Magic
  1719 | D:3      | Reached skill level 2 in Conjurations
  1719 | D:3      | Reached XP level 4. HP: 28/31 MP: 3/7
  1990 | D:3      | Reached XP level 5. HP: 27/36 MP: 6/9
  2702 | D:4      | Reached skill level 3 in Spellcasting
  2702 | D:4      | Reached skill level 3 in Conjurations
  2702 | D:4      | Reached skill level 3 in Fire Magic
  2721 | D:4      | Noticed a phantom
  2752 | D:4      | Killed a phantom
  2752 | D:4      | Reached XP level 6. HP: 29/42 MP: 4/10
  3508 | D:4      | Got a faintly glowing emerald amulet
  3509 | D:4      | Identified the amulet of Fedhas's Anger {Inacc Str+4} (You found it on level 4 of the Dungeon)
  3835 | D:5      | Entered Level 5 of the Dungeon
  4039 | D:5      | Found a shimmering altar of Xom.
  4057 | D:5      | Reached skill level 4 in Fire Magic
  4140 | D:5      | Noticed Menkaure
  4152 | D:5      | Killed Menkaure
  4152 | D:5      | Reached skill level 1 in Shields
  4152 | D:5      | Reached skill level 4 in Conjurations
  4152 | D:5      | Reached XP level 7. HP: 46/46 MP: 7/12
  4264 | D:5      | Noticed Blork the orc
  4271 | D:5      | Killed Blork the orc
  4277 | D:5      | Noticed Edmund
  4290 | D:5      | Killed Edmund
  4290 | D:5      | Reached skill level 5 in Fire Magic
  4357 | D:5      | Reached skill level 2 in Shields
  4379 | D:5      | Reached skill level 5 in Conjurations
  4379 | D:5      | Reached XP level 8. HP: 27/52 MP: 11/13
  4540 | D:5      | Reached skill level 4 in Spellcasting
  4842 | D:6      | Found a staircase to the Ecumenical Temple.
  4852 | Temple   | Entered the Ecumenical Temple
  4945 | Temple   | Became a worshipper of Vehumet
  5288 | D:6      | Noticed Crazy Yiuf
  5303 | D:6      | Killed Crazy Yiuf
  5456 | D:6      | Learned a level 2 spell: Repel Missiles
  5459 | D:6      | Learned a level 2 spell: Swiftness
  5461 | D:6      | Learned a level 1 spell: Shock
  5518 | D:6      | Reached skill level 3 in Shields
  5647 | D:6      | Reached skill level 1 in Air Magic
  5650 | D:6      | Reached skill level 6 in Conjurations
  6033 | D:7      | Found Yfaontat's Gadget Emporium.
  6163 | D:7      | Reached skill level 2 in Air Magic
  6265 | D:7      | Reached XP level 9. HP: 56/56 MP: 10/16
  6292 | D:7      | Acquired Vehumet's first power
  6292 | D:7      | Offered knowledge of Sandblast by Vehumet.
  6302 | D:7      | HP: 16/56 [hippogriff (2)]
  6303 | D:7      | HP: 6/56 [hippogriff (7)]
  6308 | D:7      | Reached skill level 3 in Air Magic
  6327 | D:7      | Found a stormy altar of Qazlal.
  6350 | D:7      | Found a deep blue altar of Sif Muna.
  6414 | D:7      | Reached skill level 5 in Spellcasting
  6531 | D:7      | Reached skill level 4 in Shields
  6900 | D:7      | Reached skill level 4 in Air Magic
  7054 | D:7      | HP: 15/56 [orc warrior/battleaxe (18)]
  7115 | D:7      | HP: 14/56 [orc warrior/battleaxe (12)]
  7543 | D:7      | HP: 12/56 [centaur/wand of lightning (23)]
  7544 | D:7      | Killed from afar by a centaur

Vault maps used:
D:1:      lemuel_arrival_rhombus
D:2:      old_standard_altar, grunt_temple_overflow_cloverleaf, first_bread,
          hangedman_decor_push, serial_park_tiny_2
D:3:      kennysheep_six_static_rooms
D:4:      fountainhead
D:5:      led_xom_imps, uniq_edmund, uniq_blork_the_orc, uniq_menkaure
D:6:      minmay_temple_entry_glassed_door, uniq_crazy_yiuf_cottage
D:7:      kennysheep_seaside_town, grunt_temple_overflow_open, serial_shops,
          shop_coins
Temple:   zaba_magenta_temple_12

Action                   |  1- 3 |  4- 6 |  7- 9 || total
-------------------------+-------+-------+-------++-------
Melee: Mace              |    24 |    88 |    86 ||   198
       Hunting sling     |       |       |     1 ||     1
       Scimitar          |       |       |     3 ||     3
 Fire: Hunting sling     |    12 |    43 |    12 ||    67
       Blowgun           |       |       |    91 ||    91
Throw: Javelin           |       |     7 |     3 ||    10
       Tomahawk          |       |     5 |     1 ||     6
 Cast: Flame Tongue      |    38 |    30 |    74 ||   142
  Use: Scroll            |     7 |     5 |     4 ||    16
       Potion            |       |       |     1 ||     1
 Stab: Sleeping          |     3 |     6 |    17 ||    26
       Distracted        |       |       |     1 ||     1
  Eat: Chunk             |     3 |     8 |    10 ||    21

Table legend:
 A = Turns spent in this place as a percentage of turns spent in the entire game.
 B = Non-inter-level travel turns spent in this place as a percentage of non-inter-level travel turns spent in the entire game.
 C = Inter-level travel turns spent in this place as a percentage of turns spent in this place.
 D = Turns resting spent in this place as a percentage of non-inter-level travel turns spent in this place.
 E = Turns spent auto-exploring this place as a percentage of non-inter-level travel turns spent in this place.
 F = Non-inter-level travel turns spent in this place divided by the number of levels of this place that you've seen.
                   A       B       C       D       E      F
               +-------+-------+-------+-------+-------+----------------------
         Total | 100.0 | 100.0 |   0.3 |   1.0 |   5.2 | 374.8
       Dungeon |  97.5 |  97.5 |   0.3 |   1.1 |   5.2 | 417.7
        Temple |   2.5 |   2.5 |   0.0 |   0.0 |   5.4 |  74.0
               +-------+-------+-------+-------+-------+----------------------

Vault maps used:
D:1:      lemuel_arrival_rhombus
D:2:      old_standard_altar, grunt_temple_overflow_cloverleaf, first_bread,
          hangedman_decor_push, serial_park_tiny_2
D:3:      kennysheep_six_static_rooms
D:4:      fountainhead
D:5:      led_xom_imps, uniq_edmund, uniq_blork_the_orc, uniq_menkaure
D:6:      minmay_temple_entry_glassed_door, uniq_crazy_yiuf_cottage
D:7:      kennysheep_seaside_town, grunt_temple_overflow_open, serial_shops,
          shop_coins
Temple:   zaba_magenta_temple_12
